[Event "UK Open Blitz Championships 2024 - London Qualifier"]
[Site "London, United Kingdom"]
[Date "2024.09.21"]
[Round "11.1"]
[White "Gasanov, Eldar"]
[Black "Royal, Shreyas"]
[Result "1-0"]
[TimeControl "3 minutes + 2 seconds incr. from move 1"]
[WhiteTitle "GM"]
[BlackTitle "IM"]
[WhiteFideId "14104466"]
[BlackFideId "448869"]
[WhiteElo "2467"]
[BlackElo "2331"]

1. c4 c5 2. g3 g6 3. Bg2 Bg7 4. Nc3 Nc6 5. d3 Nf6 6. Nh3 O-O 7. Nf4 a6 8. O-O Rb8 9. b3 Nh5 10.
Qe1 Nxf4 11. Bxf4 d6 12.
Qd2 Re8 13. Bh6 Bh8 14. Rad1 Bd7 15. h3 b5 16. Ne4 Qc8 17. Kh2 bxc4 18. dxc4 Bf5 19. g4 Bxe4 20. Bxe4 a5 21. Bxc6 Qxc6 22. Qxa5 Rb4 23. Qa3 Ra8 24.
Qc1 Rxa2 25. Qe3 Be5+ 26. Qxe5 Qb7 27. Qg7# 1-0

[Event "UK Open Blitz Championships 2024 - London Qualifier"]
[Site "London, United Kingdom"]
[Date "2024.09.21"]
[Round "11.2"]
[White "Ghasi, Ameet K"]
[Black "Roberson, Peter T"]
[Result "1/2-1/2"]
[TimeControl "3 minutes + 2 seconds incr. from move 1"]
[WhiteTitle "IM"]
[BlackTitle "IM"]
[WhiteFideId "409200"]
[BlackFideId "412384"]
[WhiteElo "2524"]
[BlackElo "2346"]

1. Nf3 c5 2. g3 g6 3. Bg2 Bg7 4. O-O Nc6 5. e4 Nf6 6. d3 O-O 7. Re1 d6 8. c3 e5 9. a4 Be6 10.
Na3 h6 11. Nc4 Qc7 12. Ne3 a6 13. Bd2 b5 14. b4 cxb4 15. cxb4 Qb6 16. a5 Qa7 17. Nc2 Rac8 18. Be3 Qd7 19. Qd2 Kh7 20. Rac1 d5 21. Bc5 Rfe8 22. Rcd1 Bg4 23. Ne3 Bxf3 24. Bxf3 dxe4 25. dxe4 Qxd2 26. Rxd2 Nxa5 27. bxa5 Rxc5 28. Rd6 Re6 29. Rxe6 fxe6 30. Rd1 b4 31. Rb1 Rb5 32. Be2 Rxa5 33. Rxb4 Bf8 34. Rb7+ Kh8 35. Rf7 Bg7 36. Bc4 Nxe4 37. Bxe6 Ng5 38. Re7 Nxe6 39. Rxe6 Ra1+ 40. Kg2 a5 41. Rxg6 a4 42. Nf5 Bf8 43. Rf6 Kg8 44. Nxh6+ Kg7 45.
Rf7+ Kxh6 46. Rxf8 Rb1 47. Ra8 Rb4 48. Ra5 e4 49.
h4 Kg6 50. g4 e3 51. Kf3 exf2 52. Ra6+ Kg7 53. Kxf2 Rxg4 54. h5 Rh4 55. Kg3 Rb4 56. Kf3 Kh7 1/2-1/2

[Event "UK Open Blitz Championships 2024 - London Qualifier"]
[Site "London, United Kingdom"]
[Date "2024.09.21"]
[Round "11.3"]
[White "Korshunov, Sergey"]
[Black "Badacsonyi, Stanley"]
[Result "1-0"]
[TimeControl "3 minutes + 2 seconds incr. from move 1"]
[WhiteTitle "FM"]
[BlackTitle "FM"]
[WhiteFideId "34274715"]
[BlackFideId "486973"]
[WhiteElo "2278"]
[BlackElo "2332"]

1. d4 Nf6 2. c4 c5 3. Nf3 g6 4. Nc3 Bg7 5. d5 d6 6. g3 O-O 7. Bg2 a6 8. a4 e6 9. O-O exd5 10. cxd5 Re8 11. Bf4 Bf5 12. Re1 Ne4 13.
Rc1 Qb6 14. Nd2 Nxd2 15. Qxd2 Bc8 16. a5 Qd8 17. Na4 Ra7 18. b4 Bd7 19. Nb6 Bb5 20. bxc5 dxc5 21. Rxc5 Nd7 22. Bc7 Qf6 23.
Nxd7 Bxd7 24. d6 Re6 25. e4 Ra8 26. e5 Qf5 27. Be4 Qh5 28. Bxb7 Ra7 29. Bc6 Bxc6 30. Rxc6 Bxe5 31. d7 Bxc7 32.
Rxc7 Rxe1+ 33. Qxe1 Ra8 34. Rc8+ 1-0

[Event "UK Open Blitz Championships 2024 - London Qualifier"]
[Site "London, United Kingdom"]
[Date "2024.09.21"]
[Round "11.4"]
[White "Mirzoeva, Elmira"]
[Black "Turner, Max N"]
[Result "0-1"]
[TimeControl "3 minutes + 2 seconds incr. from move 1"]
[WhiteTitle "WGM"]
[BlackTitle "CM"]
[WhiteFideId "4127951"]
[BlackFideId "447722"]
[WhiteElo "2094"]
[BlackElo "2157"]

1. d4 d5 2. c4 e6 3. Nc3 Be7 4. Nf3 Nf6 5. cxd5 exd5 6. Bg5 c6 7. e3 O-O 8. Qc2 h6 9. Bh4 Re8 10. Bd3 Nbd7 11. O-O Ne4 12. Bxe7 Qxe7 13. Bxe4 dxe4 14. Nd2 Nf6 15. Nc4 Bf5 16. Rfd1 Rad8 17. a3 Ng4 18. h3 Nf6 19. Ne5 Nd7 20. Nxd7 Qxd7 21. d5 c5 22. Qe2 Re5 23. Qh5 Qd6 24. Rd2 a6 25. Rad1 b5 26. Qh4 Bg6 27.
Qf4 b4 28. axb4 cxb4 29. Ne2 f6 30. h4 Bh5 31. g4 Bf7 32.
Ng3 g5 33. hxg5 hxg5 34. Nxe4 gxf4 35. Nxd6 Rxd6 36. Ra1 fxe3 37. fxe3 Rxe3 38. Ra4 Rg3+ 39. Kf2 Rxg4 40. Kf3 Rc4 41.
Ke3 f5 42. b3 Rc3+ 43. Kf4 Rxd5 44. Rg2+ Kf8 45. Rxa6 Rc8 46. Rb6 Rd3 47. Rxb4 Rxb3 48. Rxb3 Bxb3 49. Kxf5 Rc5+ 50. Kf6 Rc6+ 51. Ke5 Ke7 52. Rg7+ Bf7 53. Rh7 Rc5+ 54. Kd4 Ra5 55. Kc3 Rg5 56. Kd4 Ke6 57. Rh6+ Bg6 58. Rh8 Rg4+ 59. Ke3 Ke5 60. Rb8 Rg3+ 61. Kf2 Rc3 62. Rb5+ Kf4 63. Rb8 Rc2+ 64. Kf1 Ke3 65.
Rb6 Be4 66. Re6 0-1

[Event "UK Open Blitz Championships 2024 - London Qualifier"]
[Site "London, United Kingdom"]
[Date "2024.09.21"]
[Round "12.1"]
[White "Korshunov, Sergey"]
[Black "Ghasi, Ameet K"]
[Result "1-0"]
[TimeControl "3 minutes + 2 seconds incr. from move 1"]
[WhiteTitle "FM"]
[BlackTitle "IM"]
[WhiteFideId "34274715"]
[BlackFideId "409200"]
[WhiteElo "2278"]
[BlackElo "2524"]

1. d4 Nf6 2. c4 g6 3. Nc3 Bg7 4. Nf3 d6 5. g3 O-O 6.
Bg2 Nbd7 7. O-O e5 8. e4 exd4 9. Nxd4 Re8 10. h3 h6 11. Re1 Nc5 12. b3 a5 13. Bb2 a4 14. b4 a3 15. Bc1 Ne6 16. Be3 Nh7 17. Rc1 h5 18. Nd5 c6 19. Nb6 Ra6 20. Nxc8 Qxc8 21. b5 Ra8 22. bxc6 bxc6 23. Nxe6 Qxe6 24. Qc2 Reb8 25.
e5 dxe5 26. Rb1 Nf6 27. Rxb8+ Rxb8 28.
Bc5 Bf8 29. Bxf8 Kxf8 30. Qc3 Qd6 31. c5 Qd4 32. Qxa3 Nd5 33. Qa6 Rb2 34. Rf1 Nb4 35. Qc8+ Kg7 36. a4 Qxc5 37.
Qd7 Ra2 38. Kh2 Rxf2 39. Rxf2 Qxf2 40. Qd6 Qb2 41. a5 e4 42. Qc5 Nd3 43. Qe3 f5 44. a6 Qa3 45. Qd4+ Kh7 46. a7 Ne1 47. Qd7+ Kh6 48. Qd2+ Kh7 49. Qxe1 Qxa7 50. Qc3 Qd7 51. h4 Qd6 52. Qe3 c5 53. Bf1 Qd4 54. Qb3 Qf2+ 55. Bg2 Qd4 56. Qf7+ Kh6 57. Qf8+ Kh7 58. Qf7+ Qg7 59. Qd5 Qe7 60. Bf1 Kg7 61. Bc4 Kf6 62. Kg2 Kg7 63. Kf2 Qa7 64. Qg8+ Kf6 65. Qh8+ Ke7 66. Qg7+ 1-0

[Event "UK Open Blitz Championships 2024 - London Qualifier"]
[Site "London, United Kingdom"]
[Date "2024.09.21"]
[Round "12.2"]
[White "Roberson, Peter T"]
[Black "Gasanov, Eldar"]
[Result "0-1"]
[TimeControl "3 minutes + 2 seconds incr. from move 1"]
[WhiteTitle "IM"]
[BlackTitle "GM"]
[WhiteFideId "412384"]
[BlackFideId "14104466"]
[WhiteElo "2346"]
[BlackElo "2467"]

1. e4 c5 2. Be2 Nc6 3. f4 d5 4. d3 e6 5. Nf3 f6 6. O-O Bd6 7. Nc3 Nge7 8. Kh1 O-O 9. Qe1 a6 10.
Bd2 Qc7 11. Qg3 Bd7 12. Rae1 b5 13. Bd1 b4 14. Ne2 Ng6 15. Qf2 a5 16. c3 bxc3 17. bxc3 Rab8 18. f5 Nge7 19. fxe6 Bxe6 20. Bb3 a4 21. Bxa4 dxe4 22.
dxe4 Bxa2 23. Be3 Bc4 24. Bxc5 Rb2 25. Bxd6 Qxd6 26. Qe3 Ra8 27. Bxc6 Nxc6 28. Ned4 Bxf1 29. Rxf1 Ne5 30. Nf5 Qd3 31. Nxe5 Qxf1+ 0-1

[Event "UK Open Blitz Championships 2024 - London Qualifier"]
[Site "London, United Kingdom"]
[Date "2024.09.21"]
[Round "12.3"]
[White "Turner, Max N"]
[Black "Royal, Shreyas"]
[Result "0-1"]
[TimeControl "3 minutes + 2 seconds incr. from move 1"]
[WhiteTitle "CM"]
[BlackTitle "IM"]
[WhiteFideId "447722"]
[BlackFideId "448869"]
[WhiteElo "2157"]
[BlackElo "2331"]

1. d4 Nf6 2. c4 e6 3. Nf3 b6 4. g3 Ba6 5. b3 Bb4+ 6. Bd2 Be7 7. Nc3 d5 8. cxd5 exd5 9. Bg2 O-O 10. O-O Bb7 11. Ne5 Nbd7 12. Nd3 Re8 13. Nf4 c6 14. e4 dxe4 15.
Nxe4 Nxe4 16. Bxe4 Nf6 17. Bg2 Qxd4 18. Qc2 Qd7 19. Rfd1 c5 20. Bc3 Qc8 21. Bh3 Qc7 22. Qb2 Rad8 23. Be5 Qc6 24. Bg2 Qc8 25. Bh3 Qa8 26. Re1 Bf3 27. Qc3 Be4 28. Re3 Bc6 29. Rae1 Ne4 30.
Rxe4 Bxe4 31. Bxg7 Qc6 32. Bh8 f6 33. Ne6 Kxh8 34. f3 Rd3 35. Qc4 Rxf3 36. Rxe4 Rc3 37. Qe2 Rc1+ 38. Bf1 c4 39. Qe3 Rb1 40. Qh6 Bc5+ 41. Nxc5 Qxc5+ 42. Kg2 Rxe4 43. Qxf6+ Kg8 44. Bxc4+ Rxc4 45. Qe6+ Kg7 46. Qd7+ Kf8 47. Qd8+ Kf7 48. Qd7+ Kf6 49. Qd8+ Qe7 50. Qh8+ Ke6 51. Qg8+ Kd6 52. Qxc4 Rb2+ 53. Kh3 Qe6+ 0-1

[Event "UK Open Blitz Championships 2024 - London Qualifier"]
[Site "London, United Kingdom"]
[Date "2024.09.21"]
[Round "12.4"]
[White "Banerjee, Supratit"]
[Black "Czopor, Maciej"]
[Result "0-1"]
[TimeControl "3 minutes + 2 seconds incr. from move 1"]
[WhiteTitle "CM"]
[BlackTitle "FM"]
[WhiteFideId "2410079"]
[BlackFideId "21805431"]
[WhiteElo "2138"]
[BlackElo "2320"]

1. e4 Nc6 2. d4 d5 3. exd5 Qxd5 4. Nf3 Bg4 5. Be2 O-O-O 6. c4 Qf5 7. d5 e6 8. Nc3 Nf6 9. h3 Bxf3 10. Bxf3 Ne5 11. Be2 Bb4 12. O-O Bxc3 13. bxc3 exd5 14. Qa4 Kb8 15. Be3 a6 16. Rab1 Kc8 17. cxd5 Nxd5 18.
Rb3 Rd6 19. Rfb1 Nxe3 20. fxe3 b5 21. Bxb5 axb5 22. Qa8+ Kd7 23. Qxh8 Nf3+ 24. Kh1 Qe5 25.
gxf3 Rd2 26. f4 Qe4+ 27. Kg1 Qg2# 0-1

[Event "UK Open Blitz Championships 2024 - London Qualifier"]
[Site "London, United Kingdom"]
[Date "2024.09.21"]
[Round "13.3"]
[White "Czopor, Maciej"]
[Black "Korshunov, Sergey"]
[Result "1-0"]
[TimeControl "3 minutes + 2 seconds incr. from move 1"]
[WhiteTitle "FM"]
[BlackTitle "FM"]
[WhiteFideId "21805431"]
[BlackFideId "34274715"]
[WhiteElo "2320"]
[BlackElo "2278"]

1. e4 e5 2. Nf3 Nc6 3. Bc4 Bc5 4. c3 Nf6 5. d4 exd4 6. b4 Bb6 7. e5 d5 8. exf6 dxc4 9. Qe2+ Be6 10. b5 Na5 11. fxg7 Rg8 12. cxd4 Qf6 13. Nc3 Rxg7 14. Ne4 Qf5 15. Bg5 h6 16. Nh4 Qxb5 17. Nf6+ Kd8 18. Bxh6 Qb4+ 19.
Kf1 c3 20. d5 Rg4 21. dxe6 1-0

[Event "UK Open Blitz Championships 2024 - London Qualifier"]
[Site "London, United Kingdom"]
[Date "2024.09.21"]
[Round "13.4"]
[White "Ghasi, Ameet K"]
[Black "Stojanas, Justinas"]
[Result "1-0"]
[TimeControl "3 minutes + 2 seconds incr. from move 1"]
[WhiteTitle "IM"]
[WhiteFideId "409200"]
[BlackFideId "12802328"]
[WhiteElo "2524"]
[BlackElo "1983"]

1. Nf3 d6 2. d4 g6 3. g3 Bg7 4. Bg2 Nf6 5. O-O O-O 6. b3 Nfd7 7. Bb2 c5 8. Qc1 Nc6 9. d5 Bxb2 10. Qxb2 Nce5 11. Nfd2 f5 12. Na3 a6 13. h3 f4 14. gxf4 Rxf4 15.
e3 Rf8 16. f4 Nf7 17. e4 b5 18. Rae1 Bb7 19. c4 Qa5 20.
Nf3 Nb6 21. e5 Rab8 22. f5 gxf5 23. e6 Ne5 24. Nxe5 dxe5 25. Qc1 e4 26. Qg5+ Kh8 27. Nc2 Qc3 28. Ne3 bxc4 29. bxc4 Nxc4 30.
Nxf5 Rg8 31. Qxe7 Bxd5 32. Nh6 Rxg2+ 33. Kxg2 e3+ 34. Kg1 Qg7+ 35. Qxg7+ Kxg7 36. Nf5+ Kh8 37. Nxe3 Rg8+ 38. Ng4 h5 39. e7 Nd6 40. Re5 hxg4 41. Rh5+ Kg7 42. Rxd5 Ne8 43. Rg5+ Kh7 44. Rxg8 Kxg8 45. Rf8+ 1-0

[Event "UK Open Blitz Championships 2024 - London Qualifier"]
[Site "London, United Kingdom"]
[Date "2024.09.21"]
[Round "13.5"]
[White "Mirzoeva, Elmira"]
[Black "Roberson, Peter T"]
[Result "0-1"]
[TimeControl "3 minutes + 2 seconds incr. from move 1"]
[WhiteTitle "WGM"]
[BlackTitle "IM"]
[WhiteFideId "4127951"]
[BlackFideId "412384"]
[WhiteElo "2094"]
[BlackElo "2346"]

1. d4 c5 2. d5 g6 3. Nc3 Bg7 4. e4 d6 5. Bb5+ Bd7 6.
Be2 Nf6 7. h3 O-O 8. Nf3 e6 9. O-O exd5 10. exd5 Re8 11. Bd3 Na6 12. Bf4 Qc7 13. a3 Rab8 14. Nb5 Bxb5 15. Bxb5 Re7 16. c4 Qd8 17. b4 Ne4 18.
Re1 cxb4 19. axb4 Nc3 20. Rxe7 Qxe7 21. Qd2 Ne2+ 22. Kh1 Bxa1 23. c5 Nxf4 24. Qxf4 Be5 25. Qe3 Nxb4 26. cxd6 Bxd6 27. Qxa7 Nxd5 28. g3 Rc8 29. Kg2 Rc2 30. Nd4 Qe4+ 31.
Kh2 Rxf2+ 0-1

[Event "UK Open Blitz Championships 2024 - London Qualifier"]
[Site "London, United Kingdom"]
[Date "2024.09.21"]
[Round "14.2"]
[White "Royal, Shreyas"]
[Black "Czopor, Maciej"]
[Result "1-0"]
[TimeControl "3 minutes + 2 seconds incr. from move 1"]
[WhiteTitle "IM"]
[BlackTitle "FM"]
[WhiteFideId "448869"]
[BlackFideId "21805431"]
[WhiteElo "2331"]
[BlackElo "2320"]

1. Nf3 Nf6 2. d4 e6 3. c4 d5 4. Nc3 Bb4 5. Qa4+ Nc6 6. e3 O-O 7. Qc2 Re8 8.
Bd2 Bf8 9. Be2 b6 10. cxd5 exd5 11. Nb5 Bb7 12. O-O a6 13.
Nc3 Ne7 14. Bd3 Ng6 15. Rfd1 c5 16.
dxc5 bxc5 17. Ne2 Qb6 18. Ng3 Ne4 19.
Be1 Rac8 20. Bxe4 dxe4 21. Nd2 Qe6 22. Nc4 Nh4 23.
Rac1 Rcd8 24. Ba5 Rd3 25. Qe2 Bd5 26. b3 Bxc4 27. Rxc4 Qd5 28. Rdc1 Re6 29. h3 Nf5 30. Nh5 Bd6 31. Qg4 g6 32. Nf4 Bxf4 33. Qxf4 Rd1+ 34. Rxd1 Qxd1+ 35. Kh2 Qd5 36. Qb8+ Kg7 37. Bc3+ Kh6 38. Qf8+ Kg5 39.
Qxf7 Qd6+ 40. g3 h5 41. h4+ Nxh4 42. Qf4+ Qxf4 43. exf4+ Kg4 44. gxh4 Kxf4 45. Rxc5 Kf3 46. Bd4 Kg4 47. Be3 Kxh4 48. b4 Kg4 49. a4 Kf3 50. b5 axb5 51. axb5 h4 52. Rc6 Re5 53. b6 g5 54. b7 g4 55. Rf6+ Ke2 56. b8=Q g3 57. fxg3 hxg3 58. Kxg3 1-0

[Event "UK Open Blitz Championships 2024 - London Qualifier"]
[Site "London, United Kingdom"]
[Date "2024.09.21"]
[Round "14.3"]
[White "Nikologorskii, Matfei"]
[Black "Ghasi, Ameet K"]
[Result "1/2-1/2"]
[TimeControl "3 minutes + 2 seconds incr. from move 1"]
[WhiteTitle "CM"]
[BlackTitle "IM"]
[WhiteFideId "24102474"]
[BlackFideId "409200"]
[WhiteElo "2154"]
[BlackElo "2524"]

1. e4 d6 2. d4 g6 3. h4 Nf6 4. Nc3 Nc6 5. Be2 e5 6.
dxe5 dxe5 7. Qxd8+ Nxd8 8. h5 Ne6 9. hxg6 fxg6 10. Nf3 Bd6 11. Bd2 Bd7 12. O-O-O Bc6 13. Rh4 Rd8 14. Bc4 Bd7 15.
Nd5 Nxd5 16. exd5 Ng7 17. Nxe5 O-O 18. Nxd7 Rxd7 19. f3 Re7 20. Re1 Rxe1+ 21. Bxe1 Nf5 22. Re4 a6 23. a4 Kf7 24. b4 h5 25. c3 Kf6 26. Bd3 Kf7 27. c4 b6 28. Kc2 a5 29. bxa5 bxa5 30. Bf2 Bb4 31. c5 Rd8 32. Bc4 Kf8 33. g4 hxg4 34. fxg4 Nh6 35. Kd3 Rd7 36. Kd4 Nf7 37. Be3 Nd8 38. Kd3 Rf7 39. Rf4 Rxf4 40.
Bxf4 Nb7 41. c6 Nd6 42. Kd4 Ke7 43. Bd3 Kf7 44. g5 Ne8 45. Kc4 Nd6+ 46. Kd4 Ne8 47. Bf1 Ke7 48. Bh3 Nd6 49. Bxd6+ Kxd6 50. Bf1 Ke7 51. Bd3 Kf7 52. Ke5 Bd6+ 53. Ke4 Ba3 54. Ke5 Bd6+ 55. Ke4 1/2-1/2

[Event "UK Open Blitz Championships 2024 - London Qualifier"]
[Site "London, United Kingdom"]
[Date "2024.09.21"]
[Round "14.4"]
[White "Banerjee, Supratit"]
[Black "Korshunov, Sergey"]
[Result "0-1"]
[TimeControl "3 minutes + 2 seconds incr. from move 1"]
[WhiteTitle "CM"]
[BlackTitle "FM"]
[WhiteFideId "2410079"]
[BlackFideId "34274715"]
[WhiteElo "2138"]
[BlackElo "2278"]

1. e4 c5 2. c3 d5 3. exd5 Qxd5 4. d4 Nf6 5. Nf3 Bg4 6. Nbd2 e6 7. Bc4 Qd6 8.
Qb3 Bxf3 9. Nxf3 Qc7 10. O-O Be7 11. Re1 O-O 12. Bxe6 fxe6 13. Qxe6+ Rf7 14. Ng5 Bf8 15. Bf4 Qd7 16. Nxf7 Qxf7 17. Bxb8 Rxb8 18. Rad1 Qxe6 19. Rxe6 Kf7 20. Ree1 c4 21. f3 Bd6 22. g3 Nd5 23. Kf2 b5 24. a3 a5 25. Re2 g5 26. Rde1 b4 27. axb4 axb4 28. cxb4 Nxb4 29. Rd1 Nd3+ 30. Kf1 Nxb2 31. Rb1 c3 32.
Rc2 Bb4 33. Rcxb2 cxb2 34. Rxb2 Ke6 35. Ke2 Kd5 36. Kd3 Rb6 37. h4 h6 38. hxg5 hxg5 39. f4 g4 40. Rb3 Bc5 41. Rxb6 Bxb6 42. f5 Bxd4 43. Ke2 Ke4 44.
f6 Bxf6 45. Kf2 Bd4+ 46. Kg2 Ke3 47. Kh2 Kf3 48. Kh1 Bf2 49. Kh2 Bxg3+ 50. Kh1 Be5 51. Kg1 g3 52. Kf1 g2+ 53. Ke1 g1=Q+ 54. Kd2 Qd4+ 55. Kc2 Qc3+ 56. Kd1 Qb2 57. Ke1 Bd4 58. Kd1 Be3 59.
Ke1 Qe2# 0-1

[Event "UK Open Blitz Championships 2024 - London Qualifier"]
[Site "London, United Kingdom"]
[Date "2024.09.21"]
[Round "14.5"]
[White "Badacsonyi, Stanley"]
[Black "Roberson, Peter T"]
[Result "1-0"]
[TimeControl "3 minutes + 2 seconds incr. from move 1"]
[WhiteTitle "FM"]
[BlackTitle "IM"]
[WhiteFideId "486973"]
[BlackFideId "412384"]
[WhiteElo "2332"]
[BlackElo "2346"]

1. d4 c5 2. d5 g6 3. Nc3 Bg7 4. e4 d6 5. Nf3 Nf6 6.
Be2 O-O 7. O-O e6 8. a4 exd5 9. exd5 Re8 10. Nd2 Na6 11. Nc4 Ne4 12. Nxe4 Rxe4 13. c3 Nc7 14. Be3 b6 15. Re1 Ba6 16. Nd2 Bxe2 17. Rxe2 Re8 18.
Nc4 Qd7 19. Qd3 Rab8 20. Ree1 a6 21. Bf4 Bf8 22. Rxe8 Qxe8 23. Nxd6 Qd7 24. Ne4 Bg7 25. Rd1 Rd8 26. Bg5 Re8 27. d6 Ne6 28. Bh6 Qxa4 29.
Bxg7 Kxg7 30. f3 Rd8 31. Qd5 f6 32.
Re1 Nf4 33. Qb7+ Rd7 34. Qxb6 Qc2 35.
Nf2 Qd2 36. Rd1 Qe2 37. Qxc5 g5 38.
Qc6 Qe6 39. Ne4 f5 40. Nf2 Kg6 41. g3 Ne2+ 42. Kg2 g4 43. fxg4 fxg4 44. Qe4+ Kf7 45. Qxe6+ Kxe6 46. Re1 Rxd6 47. Rxe2+ Kf5 48. Rc2 h5 49. c4 Ke5 50. c5 Rc6 51.
Nd3+ Kd4 52. Nb4 Rc8 53. Nxa6 h4 54. gxh4 Kd3 55. Nb4+ Ke3 56. c6 Rb8 1-0

[Event "UK Open Blitz Championships 2024 - London Qualifier"]
[Site "London, United Kingdom"]
[Date "2024.09.21"]
[Round "15.1"]
[White "Gasanov, Eldar"]
[Black "Badacsonyi, Stanley"]
[Result "1-0"]
[TimeControl "3 minutes + 2 seconds incr. from move 1"]
[WhiteTitle "GM"]
[BlackTitle "FM"]
[WhiteFideId "14104466"]
[BlackFideId "486973"]
[WhiteElo "2467"]
[BlackElo "2332"]

1. d4 Nf6 2. c4 g6 3. Nc3 Bg7 4. Bg5 c5 5. d5 O-O 6. e4 d6 7. Qd2 a6 8. a4 Qa5 9.
Bd3 b5 10. cxb5 axb5 11. Nxb5 Qb6 12.
Ne2 Na6 13. Nec3 Nb4 14. Be2 e6 15. dxe6 Bxe6 16. O-O Rfd8 17. Qf4 Ne8 18. Bxd8 Rxd8 19. Rad1 Bb3 20. Rd2 Be5 21. Qh4 Ra8 22. f4 Bf6 23. Qf2 Ra5 24. Kh1 Be7 25. Bd1 Bc4 26.
Be2 Bb3 27. h3 Qc6 28. Bf3 Qa6 29. e5 dxe5 30. fxe5 Be6 31. Nd5 Bg5 32. Rdd1 Rxa4 33. Nbc3 Ra5 34. Qg3 Bh6 35. Qh4 Bg7 36. Qe7 Qc8 37. Nb6 Bf8 38. Nxc8 Bxe7 39. Nxe7+ Kg7 40. Nc6 Nxc6 41. Bxc6 Nc7 42. Bd5 Nxd5 43.
Nxd5 Ra2 44. Rf2 c4 45. Nc3 Ra5 46. Re1 Rc5 47. Kh2 h5 48.
Re4 Rc7 49. Re3 Rc5 50. h4 Rc7 51. Ne4 Ra7 52. Ng5 Bf5 53. e6 fxe6 54.
Nxe6+ Kh6 55. Nd4 Bd3 56. b3 Rd7 57. Rf4 Rd5 58. bxc4 Bxc4 59. Nf3 Bd3 60. Rd4 1-0

[Event "UK Open Blitz Championships 2024 - London Qualifier"]
[Site "London, United Kingdom"]
[Date "2024.09.21"]
[Round "15.2"]
[White "Han, Yichen"]
[Black "Royal, Shreyas"]
[Result "0-1"]
[TimeControl "3 minutes + 2 seconds incr. from move 1"]
[WhiteTitle "IM"]
[BlackTitle "IM"]
[WhiteFideId "1054430"]
[BlackFideId "448869"]
[WhiteElo "2350"]
[BlackElo "2331"]

1. e4 c5 2. Nc3 Nc6 3. Bb5 Nd4 4.
Nf3 Nf6 5. O-O Nxb5 6. Nxb5 d6 7.
d4 a6 8.
Nc3 cxd4 9. Qxd4 e5 10. Qb4 d5 11.
Qb3 d4 12. Nd5 Nxd5 13. exd5 f6 14. Re1 Be7 15. c3 dxc3 16. bxc3 Bd6 17. Ba3 O-O 18. c4 Bxa3 19. Qxa3 Bg4 20.
Nd2 Rc8 21. Qb3 Qd7 22. Rab1 Rc7 23. Ne4 Bf5 24. d6 Rcc8 25. c5+ Kh8 26. Qd5 Rc6 27. Rbc1 Rfc8 28. Nd2 b6 29. Nb3 Be6 30.
Qd3 bxc5 31. Na5 Rxd6 32. Qe3 c4 33. h3 Qb5 34. Qa3 Qd7 35.
Qb4 Rd4 36. Nb7 Rb8 37. Rb1 Bd5 38. Nc5 Rxb4 39. Nxd7 Rxb1 40. Rxb1 h5 41. Nf8 c3 42. Rb8 c2 43. Rc8 Rd1+ 44. Kh2 c1=Q 0-1

[Event "UK Open Blitz Championships 2024 - London Qualifier"]
[Site "London, United Kingdom"]
[Date "2024.09.21"]
[Round "15.5"]
[White "Czopor, Maciej"]
[Black "Andal, Edmond"]
[Result "1-0"]
[TimeControl "3 minutes + 2 seconds incr. from move 1"]
[WhiteTitle "FM"]
[WhiteFideId "21805431"]
[BlackFideId "5225752"]
[WhiteElo "2320"]
[BlackElo "2071"]

1. e4 c5 2. Nf3 e6 3. d4 cxd4 4. Nxd4 a6 5. c4 Nf6 6. Nc3 Bb4 7. Nc2 Be7 8. e5 Ng8 9.
Qg4 Kf8 10. Bf4 h5 11. Qf3 Nc6 12. Rd1 g5 13. Be3 Nxe5 14. Qe4 Qc7 15. h4 Nf6 16. Qd4 Nc6 17. Qd2 g4 18. Bd3 Ne5 19. b3 b6 20. Ne4 Bb7 21. Nxf6 Bxf6 22. O-O Bxh4 23. Qb4+ Kg8 24. Qxb6 Qxb6 25.
Bxb6 Bf6 26. Be2 Kg7 27. Ne3 Rab8 28. Bc7 Rbc8 29. Bxe5 Bxe5 30. Rxd7 Bc6 31. Ra7 Bd4 32.
Rxa6 Kg6 33. Nc2 Be5 34. b4 h4 35. Bxg4 Kf6 36. Ne3 Bb7 37. Ra7 Ba8 38. Bh3 Bd4 39. Rd7 Bc6 40.
Rxd4 Ra8 41. b5 Bb7 42. Rd7 Be4 43. Rd4 Bg6 44. c5 Rhc8 45. c6 Ra5 46. Nc4 Rxa2 47. Nd6 Rc7 48. Ne8+ Ra8 1-0